 Dungeon Crawl Stone Soup version 0.13-a0-1585-g6f4f798 (webtiles) character file.

48 4tharraofdagon the Caller (level 1, 3/14 HPs)
             Began as a Gargoyle Summoner on June 12, 2013.
             Quit the game on Level 4 of the Dungeon.
             The game lasted 00:02:13 (365 turns).

4tharraofdagon the Caller (Gargoyle Summoner)        Turns: 365, Time: 00:02:13

HP   3/14        AC  2     Str 11      XL: 1   Next: 70%
MP   2/3         EV 12     Int 20      God:
Gold 44          SH  0     Dex 10      Spells:  1 memorised,  1 level left

Res.Fire  : . . .   See Invis. : .   (no weapon)
Res.Cold  : + . .   Warding    : .   a - +0 robe
Life Prot.: + . .   Conserve   : .   (no shield)
Res.Poison: .       Res.Corr.  : .   (no helmet)
Res.Elec. : .       Clarity    : .   (no cloak)
Sust.Abil.: . .     Spirit.Shd : .   (no gloves)
Res.Mut.  : .       Stasis     : .   (no boots)
Res.Rott. : .       Flight     : .   (no amulet)
Saprovore : . . .                    (no ring)
                                     (no ring)

@: brilliant, not resistant to hostile enchantments, fairly stealthy
A: fangs 1, talons 2, cold resistance 1, life protection 1, slow metabolism 1,
petrification resistance, trample resistance
a: no special abilities


You were on level 4 of the Dungeon.
You were not hungry.

You visited 1 branch of the dungeon, and saw 4 of its levels.

You collected 24 gold pieces.

Inventory:

Armour
 a - a +0 robe (worn)
Comestibles
 c - a bread ration
Books
 b - a book of Callings

   Spells                             Type                      Level
   *Summon Small Mammal               Summoning                    1
   Call Imp                           Summoning                    2
   Call Canine Familiar               Summoning                    3
   Summon Scorpions                   Summoning/Poison             4
   Summon Ice Beast                   Ice/Summoning                4


   Skills:
 - Level 1.7 Dodging
 - Level 2.1 Stealth
 - Level 0.2 Unarmed Combat
 + Level 1.2 Spellcasting
 * Level 3.7 Summonings


You had one spell level left.
You knew the following spells:

 Your Spells              Type           Power        Failure   Level  Hunger
a - Summon Small Mammal   Summ           ####         1%          1    ##.....


Dungeon Overview and Level Annotations

Branches:
Dungeon (4/27)
 Temple: D:4-7

Altars:

Shops:
D:4: =

Annotations
D:4 Pikel; corax's ghost, average DjFE


Innate Abilities, Weirdness & Mutations

You have very sharp teeth.
You have razor-sharp toenails.
Your flesh is cold resistant.
You resist negative energy.
You have a slow metabolism.
You are immune to petrification.
You are resistant to trampling.


Message History

The giant newt bites you but does no damage.
A slave comes into view.
Unknown command.
The slave shouts!
The slave completely misses you.
Found a scroll labeled CROAST NETISSI.
Unknown command.
Are you sure you want to abandon this character and quit the game? (Confirm with "yes".)
Okay, then.
Drink which item? (? for menu, Esc to quit)
You feel more clever all of a sudden.
It was a potion of brilliance.
The adder closely misses you. The slave hits you.
Casting: Summon Small Mammal
Confirm with . or Enter, or press ? or * to list all spells.
The adder closely misses you. The adder bites you.
* * * LOW HITPOINT WARNING * * *
The slave misses you.
Unknown command.
Are you sure you want to abandon this character and quit the game? (Confirm with "yes".)

#.. #K..# #...
#.@? #@. #.. #@#
#@#.. #..# #@#..#
#..# #S#..# #..#
#lr..# #(.# #o#..#
#..# . #.#..# #..#
. #.#..#####.#..#
. #.#S.......#..#
.
#.#'########..####
#............^....


You could see Pikel, 4 slaves, an adder, an orc, a giant newt and a friendly
quokka.

Vanquished Creatures
  A bat (D:2)
  A giant newt (D:4)
2 creatures vanquished.

Vanquished Creatures (collateral kills)
  A giant gecko (D:4)
  A bat (D:4)
2 creatures vanquished.

Vanquished Creatures (others)
  A grey rat (D:4)
  A rat (D:4)
2 creatures vanquished.

Grand Total: 6 creatures vanquished

Notes
Turn   | Place    | Note
--------------------------------------------------------------
     0 | D:1      | 4tharraofdagon, the Gargoyle Summoner, began the quest for the Orb.
     0 | D:1      | Reached XP level 1. HP: 14/14 MP: 3/3
     0 | D:1      | Amsel: gl
     0 | D:1      | 4tharraofdagon: bad button
     0 | D:1      | 4tharraofdagon: rotfl
     3 | D:2      | Amsel: lol
   232 | D:4      | Found Dianax's Jewellery Shop.
   342 | D:4      | Noticed corax's ghost (average DjFE)
   356 | D:4      | Noticed a slave
   358 | D:4      | Noticed a slave
   359 | D:4      | Noticed a slave
   361 | D:4      | Noticed Pikel
   362 | D:4      | Noticed a slave
   364 | D:4      | Amsel: ouch
   365 | D:4      | Quit the game

Action                   || total
-------------------------++-------
Melee: Unarmed           ||    33
 Cast: Summon Small Mamm ||     5
  Use: Scroll            ||     2
       Potion            ||     1
